 Dungeon Crawl Stone Soup version 0.30-a0-760-g5a9884bb7c (webtiles) character file.

Game seed: 18424083290202995702

158 kingofthe the Sneak (level 5, -5/31 HPs)
             Began as an Octopode Fire Elementalist on Feb 12, 2023.
             Slain by an iguana (11 damage)
             ... on level 4 of the Dungeon.
             The game lasted 00:07:03 (3369 turns).

kingofthe the Sneak (Octopode Fire Elementalist)    Turns: 3369, Time: 00:07:04

Health: -5/31      AC:  1    Str:  8    XL:     5   Next: 40%
Magic:  1/9        EV: 14    Int: 17    God:
Gold:   217        SH:  0    Dex: 14    Spells: 3/9 levels left

rFire   . . .      SeeInvis .    (no weapon)
rCold   + + .      Faith    .    (no shield)
rNeg    . . .      Spirit   .    (helmet restricted)
rPois   .          Reflect  .    (no amulet)
rElec   .          Harm     .    c - ring of flight
rCorr   .          Rampage  .    d - ring of protection from cold
Will    .....                    o - ring of protection from cold
Stlth   ++++                     (no ring)
HPRegen 0.25/turn                (no ring)
MPRegen 0.11/turn                (no ring)
                                 (no ring)
                                 (no ring)

@: flying
A: almost no armour, amphibious, 8 rings, camouflage 1, gelatinous body 1,
(nimble swimmer 1), tentacles
a: no special abilities


You were on level 4 of the Dungeon.
You visited 1 branch of the dungeon, and saw 4 of its levels.

You collected 217 gold pieces.

Inventory:

Jewellery
 c - a ring of flight (left tentacle)
 d - a ring of protection from cold (right tentacle)
 h - an amulet of faith
 o - a ring of protection from cold (on tentacle)
Scrolls
 f - 4 scrolls of identify {unknown}
 i - a scroll of noise {unknown}
 j - a scroll of enchant weapon {unknown}
 k - 4 scrolls of vulnerability {unknown}
 l - 2 scrolls of teleportation {unknown}
 m - a scroll of blinking {unknown}
Potions
 a - a potion of magic
 b - 2 potions of haste
 e - a potion of mutation {unknown}
 g - a potion of curing
 n - a potion of degeneration {unknown}


   Skills:
 + Level 2.9 Dodging
 + Level 4.1 Stealth
 + Level 2.7 Spellcasting
 + Level 2.3 Conjurations
 + Level 0.9 Hexes
 + Level 3.6 Fire Magic


You had 3 spell levels left.
You knew the following spells:

 Your Spells              Type           Power      Damage    Failure   Level
a - Foxfire               Conj/Fire      48%        2x1d6     5%          1
b - Scorch                Fire           28%        2d6       6%          2
c - Confusing Touch       Hex            5%         N/A       36%         3

Your spell library contained the following spells:

 Spells                   Type           Power      Damage    Failure   Level
 Kiss of Death            Conj/Necr      24%        2d7       11%         1
 Inner Flame              Hex/Fire       10%        N/A       21%         3
 Kindle Blastsparks       Fire/Tloc/Air  12%        2d11      32%         3
 Gell's Gravitas          Tloc           2%         N/A       47%         3
 Teleport Other           Tloc           2%         N/A       47%         3
 Flame Wave               Conj/Fire      12%        2d6       45%         4
 Anguish                  Hex/Necr       1%         N/A       83%         4
 Dispel Undead            Necr           2%         3d7       87%         4
 Dispersal                Tloc           1%         N/A       100%        6
 Enfeeble                 Hex            2%         N/A       100%        7


Dungeon Overview and Level Annotations

Branches:
Dungeon (4/15)
 Temple: D:4-7

Altars:
Qazlal

Annotations:
D:4 2 runed translucent doors, boo's ghost, amateur MiFi


Innate Abilities, Weirdness & Mutations

You cannot wear most types of armour.
You are amphibious.
You can wear up to eight rings at the same time.
Your skin changes colour to match your surroundings (Stealth+).
Your rubbery body absorbs attacks. (AC +1, EV +1)
((You are camouflaged when in or above water. (Stealth+)))
You have tentacles for arms and can constrict up to eight enemies at once.


Message History

Casting: Foxfire (safe; 6% risk of failure)
Confirm with . or Enter, or press ? or * to list all spells.
Flames lash the phantom.
The phantom is burned terribly!
The phantom is severely damaged.
The foxfire hits the phantom.
The phantom is severely damaged.
The foxfire hits the phantom but does no damage.
The phantom is severely damaged.
The phantom hits you!
You conjure some foxfire!
The phantom hits you!
The phantom blinks!
You blink.
Casting: Foxfire (safe; 6% risk of failure)
Confirm with . or Enter, or press ? or * to list all spells.
You don't have enough magic to cast this spell.
You miss the phantom.
The phantom is severely damaged.
The foxfire hits the phantom.
The phantom is burned terribly!
The phantom is almost destroyed.
The foxfire hits the phantom but does no damage.
The phantom is almost destroyed.
The phantom barely misses you.
You barely miss the phantom. You squeeze the phantom.
The phantom is almost destroyed.
The phantom misses you. The iguana closely misses you.
You tentacle-slap the phantom.
You destroy the phantom!
The iguana completely misses you.
Your Stealth skill increases to level 4!
You have reached level 5!
You feel stronger. The iguana attacks as you move away! The iguana misses you.
You tentacle-slap the iguana. You grab the iguana.
The iguana is lightly wounded.
You constrict the iguana. The iguana closely misses you.
You tentacle-slap the iguana but do no damage.
The iguana is moderately wounded.
You constrict the iguana, but do no damage.
The iguana bites you!
* * * LOW HITPOINT WARNING * * *
You release your grip on the iguana.
The iguana attacks as you move away! The iguana bites you!
You die...

###
#########.#
.......l@.#
.########.#
########.#
.........#
########.#
#.### #...#
#####.#####
##^^^..≈≈.^#


You could see an iguana.

Vanquished Creatures
  A phantom (D:4)
  2 adders
  A worm (D:3)
  2 dart slugs
  4 ball pythons
  4 bats
  4 endoplasms
  6 giant cockroaches
  6 goblins
  6 hobgoblins
  3 jackals (D:1)
  3 quokkas
  8 kobolds
  6 rats
56 creatures vanquished.

Vanquished Creatures (collateral kills)
  2 foxfires
2 creatures vanquished.

Vanquished Creatures (others)
  164 foxfires
  3 plants (D:4)
167 creatures vanquished.

Grand Total: 225 creatures vanquished

Notes
Turn   | Place    | Note
-------+----------+-------------------------------------------
     0 | D:1      | kingofthe the Octopode Fire Elementalist began the quest
                  | for the Orb.
     0 | D:1      | Reached XP level 1. HP: 11/11 MP: 3/3
   172 | D:1      | Reached XP level 2. HP: 17/17 MP: 0/5
   175 | D:1      | Reached skill level 3 in Stealth
   224 | D:1      | Learned a level 2 spell: Scorch
   863 | D:1      | Reached XP level 3. HP: 21/21 MP: 2/6
  1052 | D:1      | Found a faded altar of an unknown god.
  2232 | D:3      | Reached XP level 4. HP: 27/27 MP: 4/7
  2549 | D:3      | Learned a level 3 spell: Confusing Touch
  3134 | D:4      | Found a runed translucent door.
  3210 | D:4      | Found a runed translucent door.
  3212 | D:4      | Noticed boo's ghost (amateur MiFi)
  3278 | D:4      | Found a stormy altar of Qazlal.
  3356 | D:4      | Noticed a phantom
  3365 | D:4      | Killed a phantom
  3366 | D:4      | Reached skill level 4 in Stealth
  3366 | D:4      | Reached XP level 5. HP: 16/31 MP: 0/9
  3369 | D:4      | Slain by an iguana

Illustrated notes

Levels and vault maps discovered:
D:1:      dpeg_arrival_arbitrary_c, layout_basic,
          dilly_ecumenical_altar_fadedgnrine
D:2:      layout_basic, serial_bayou_lagoon_a
D:3:      layout_loops_ring
D:4:      corexii_shack_village, layout_basic, dk_yredelemnul_ordeal,
          grunt_qazlal_sundering, old_standard_altar, ebering_ghost_sewer_f

Skill      XL: |  1  2  3  4 |
---------------+-------------+-----
Stealth        | 3 4 |  4.1
Conjurations   | 2 |  2.3
Dodging        | |  2.9
Spellcasting   | |  2.7
Hexes          | |  0.9
Fire Magic     | |  3.6

Action                     |  1- 3 |  4- 6 || total
---------------------------+-------+-------++-------
  Melee: Unarmed           |    12 |    11 ||    23
         Constrict         |     3 |     2 ||     5
         Tentacles         |     1 |     3 ||     4
         Punch             |     1 |       ||     1
   Cast: Foxfire           |    61 |    33 ||    94
         Scorch            |     6 |     6 ||    12
    Use: Potion            |     2 |       ||     2
 Armour: Skin              |     3 |     1 ||     4
  Dodge: Dodged            |    13 |    10 ||    23

Table legend: (Time is in decaauts)
 A = Elapsed time spent in this place.
 B = Non-inter-level travel time spent in this place.
 C = Inter-level travel time spent in this place.
 D = Time resting spent in this place.
 E = Time spent auto-exploring this place.
 F = Levels seen in this place.
 G = Mean time per level.
                   A        B        C        D        E       F      G
               +--------+--------+--------+--------+--------+-----+--------+
         Total |   3348 |   3218 |    130 |    188 |   2653 |   4 |  837.0 |
       Dungeon |   3348 |   3218 |    130 |    188 |   2653 |   4 |  837.0 |
               +--------+--------+--------+--------+--------+-----+--------+

Top non-repeatable levels by time:
     D:1: 1270 daAuts
     D:3: 985 daAuts
     D:2: 899 daAuts
     D:4: 192 daAuts
